 Dungeon Crawl Stone Soup version 0.30.1-11-g7821555f0a (webtiles) character file.

Game seed: 17396936584672879537

462 FakeRyeBread the Magician (level 7, 0/53 HPs)
             Began as a Djinni Conjurer on Nov 18, 2023.
             Was a Follower of Makhleb.
             Slain by Duvessa
             ... wielding a +0 rapier
              (12 damage)
             ... on level 5 of the Dungeon.
             The game lasted 00:17:07 (4219 turns).

FakeRyeBread the Magician (Djinni Conjurer)         Turns: 4219, Time: 00:17:08

Health: 0/53       AC:  6    Str:  6    XL:     7   Next: 28%
Gold:   165        EV: 12    Int: 22    God:    Makhleb [*.....] SH:  0 Dex: 11

rFire   + + +        c - +2 rapier (drain)
rCold   x . .        (no shield)
rNeg    . . .        a - +1 robe
rPois   ∞            s - +2 helmet
rElec   .            (no cloak)
rCorr   .            (no gloves)
SInv    .            (boots unavailable)
Will    .....        (no amulet)
Stlth   ++           p - ring of protection from fire
HPRegen 0.28/turn    (no ring)
MPRegen 0.00/turn

%: infuse magic (-1 HP)
@: flying
A: sickness immunity, fire resistance 2, cold vulnerability 1, float, innate
caster, HP casting, extra vitality 1
a: Renounce Religion


You were on level 5 of the Dungeon.
You worshipped Makhleb.
Makhleb was aware of your devotion.
You visited 1 branch of the dungeon, and saw 6 of its levels.

You collected 354 gold pieces.
You spent 189 gold pieces at shops.

Inventory:

Hand Weapons
 c - a +2 rapier of draining (weapon)
 i - a +0 dagger
Armour
 a - a +1 robe (worn)
 s - a +2 helmet (worn)
Jewellery
 p - a ring of protection from fire (left hand)
Wands
 g - a wand of polymorph (2)
 m - a wand of mindburst (8)
Scrolls
 d - 2 scrolls of noise
 h - 2 scrolls of teleportation
 n - a scroll of blinking {unknown}
 o - 2 scrolls of fear {unknown}
 t - a scroll of identify
Potions
 b - 2 potions of invisibility {unknown}
 e - a potion of resistance {unknown}
 f - a potion of magic
 j - 4 potions of might
 k - 2 potions of flight
 l - a potion of curing
 q - a potion of berserk rage {unknown}
 r - 2 potions of haste {unknown}


   Skills:
 * Level 4.5 Fighting
 - Level 2.1 Dodging
 - Level 1.5 Stealth
 * Level 4.9 Spellcasting
 + Level 1.9 Invocations


You knew the following spells:

 Your Spells              Type           Power      Damage    Failure   Level
a - Magic Dart            Conj           100%       1d8       1%          1
b - Searing Ray           Conj           54%        2d6       1%          2
c - Dazzling Flash        Conj/Hex       54%        N/A       4%          3
d - Fulminant Prism       Conj/Hex       13%        3d8       13%         4
e - Iskenderun's Mystic   Conj/Tloc      27%        2d7       13%         4
f - Sting                 Tmut/Pois      100%       1d8       1%          1
g - Poisonous Vapours     Pois/Air       54%        N/A       1%          2
h - Frozen Ramparts       Ice            54%        1d9       4%          3
Your spell library was empty.

Dungeon Overview and Level Annotations

Branches:
Dungeon (6/15)
 Temple: D:4-7

Altars:
Cheibriados
Dithmenos
Hepliaklqana
Makhleb
Okawaru
Trog
Zin

Shops:
D:6 (

Annotations:
D:5 Duvessa


Innate Abilities, Weirdness & Mutations

You are immune to sickness and miasma.
You are immune to poison.
Your flesh is very heat resistant. (rF++)
You are vulnerable to cold. (rC-)
You float through the air rather than walking.
You learn spells naturally, not from books.
Your magical power is your life essence.
You have superior vitality. (+4 MHP)


Message History

Duvessa, Sister of Dowan comes into view.
She is wielding a +0 rapier.
The searing ray hits Dowan.
Dowan is moderately wounded.
Duvessa shouts!
Dowan hits you but does no damage.
The searing ray hits Dowan!
Dowan is severely wounded.
The searing ray misses Duvessa.
Dowan hits you with a +0 dagger.
The searing ray misses Dowan.
The searing ray hits Duvessa.
Duvessa is lightly wounded.
You finish channelling your searing ray.
Dowan closely misses you.
Aiming: Searing Ray (safe; 2% risk of failure)
Press: ? - help, Q - select action, (/) - cycle Shift-Dir - straight line, f - Duvessa, p - Dowan
Aim: Duvessa, wielding a +0 rapier and wearing a +0 ring mail (lightly wounded, 85% to hit)
The searing ray hits Dowan!
You kill Dowan!
Makhleb accepts your kill.
Duvessa weeps, and shakes her weapon.
Duvessa goes berserk!
The searing ray hits Duvessa.
Duvessa is lightly wounded. (Press . to maintain the ray.) Duvessa hits you with a +0 rapier!
Restarting spell: Searing Ray (safe; 1% risk of failure)
Press: ? - help, Q - select action, (/) - cycle Shift-Dir - straight line, f/p - Duvessa
Aim: Duvessa, wielding a +0 rapier and wearing a +0 ring mail (lightly wounded, berserk, 85% to hit)
The searing ray hits Duvessa.
Duvessa is moderately wounded. (Press . to maintain the ray.) Duvessa hits you with a +0 rapier!
The searing ray hits Duvessa but does no damage.
Duvessa is moderately wounded.
Duvessa hits you with a +0 rapier. Duvessa closely misses you.
The searing ray hits Duvessa.
Duvessa is moderately wounded.
* * * LOW HITPOINT WARNING * * *
Duvessa hits you with a +0 rapier!
* * * LOW HITPOINT WARNING * * *
You feel better. Duvessa closely misses you. Duvessa hits you with a +0 rapier!
You die...

.... ...#
......#
#### .?..
####... #
#......
#.##....#
........#
#....#
#.e@#
#.).#
#.### ...
... #(.##
###


You could see Duvessa (berserk).

Vanquished Creatures
  Edmund (D:4)
  Dowan (D:5)
  Ijyb (D:4)
  2 iguanas (D:4)
  4 gnolls (D:3)
  7 adders
  A white imp (D:5)
  2 ufetubi (D:4)
  A worm (D:4)
  3 dart slugs
  9 endoplasms
  11 giant cockroaches
  8 goblins
  9 hobgoblins
  7 quokkas
  7 ball pythons
  9 bats
  4 frilled lizards
  4 kobolds
  7 rats
98 creatures vanquished.

Notes
Turn   | Place    | Note
-------+----------+-------------------------------------------
     0 | D:1      | FakeRyeBread the Djinni Conjurer began the quest for the
                  | Orb.
     0 | D:1      | FakeRyeBread set off with the following spells memorised:
                  | Magic Dart, Searing Ray, Dazzling Flash, Fulminant Prism,
                  | Iskenderun's Mystic Blast.
     0 | D:1      | Reached XP level 1. HP: 15/15 MP: 0/0
   180 | D:1      | Reached XP level 2. HP: 19/22 MP: 0/0
   202 | D:1      | Reached skill level 1 in Fighting
   366 | D:1      | Reached XP level 3. HP: 25/27 MP: 0/0
   366 | D:1      | Learned a level 1 spell: Sting
  1179 | D:2      | Reached XP level 4. HP: 32/33 MP: 0/0
  2003 | D:3      | You are sucked into a shaft and drop 3 floors!
  2003 | D:6      | Found Kirphi's Antique Weapon Shop.
  2006 | D:6      | Bought a glowing rapier for 189 gold pieces
  2010 | D:5      | Entered Level 5 of the Dungeon
  2049 | D:5      | Found a burning altar of Makhleb.
  2053 | D:5      | Found a bloodstained altar of Trog.
  2057 | D:5      | Became a worshipper of Makhleb the Destroyer
  2059 | D:5      | Found a snail-covered altar of Cheibriados.
  2059 | D:5      | Found a shadowy altar of Dithmenos.
  2061 | D:5      | Found a glowing silver altar of Zin.
  2063 | D:5      | Found a hazy altar of Hepliaklqana.
  2133 | D:5      | Reached XP level 5. HP: 36/40 MP: 0/0
  2133 | D:5      | Learned a level 2 spell: Poisonous Vapours
  2207 | D:4      | Noticed Edmund
  2224 | D:4      | Noticed Ijyb
  2397 | D:4      | Killed Ijyb
  2500 | D:3      | Found an iron altar of Okawaru.
  3125 | D:3      | Reached XP level 6. HP: 40/46 MP: 0/0
  3535 | D:4      | Reached skill level 1 in Invocations
  3559 | D:4      | Reached * piety under Makhleb
  4022 | D:4      | Killed Edmund
  4023 | D:4      | Reached XP level 7. HP: 53/53 MP: 0/0
  4023 | D:4      | Learned a level 3 spell: Frozen Ramparts
  4210 | D:5      | Noticed Dowan
  4211 | D:5      | Noticed Duvessa
  4215 | D:5      | Killed Dowan
  4219 | D:5      | Slain by Duvessa

Illustrated notes

Levels and vault maps discovered:
D:1:      dpeg_arrival_signposts, layout_basic, minmay_heptomino_w4
D:2:      layout_basic, kennysheep_big_empty_room, serial_bayou_crossing
D:3:      layout_loops_corners, hellmonk_okawaru_the_only_friend_you_need,
          serial_forest, infiniplex_forest_lined_corner,
          infiniplex_forest_lined_corner, infiniplex_forest_zigzag_2,
          infiniplex_forest_lined_room_2, infiniplex_forest_clump_diagonal,
          infiniplex_forest_clump_long, infiniplex_forest_lined_room_2,
          infiniplex_forest_clump_double, minmay_goblin_kobold_house
D:4:      layout_loops_cross, mainiacjoe_overflow_catwalk, uniq_ijyb,
          uniq_edmund
D:5:      layout_cave_pools, minitemple, minmay_temple_entry_proselytizer,
          minmay_gold_behind_fungi, mrwooster_statue_mirror, uniq_duvessa
D:6:      hellmonk_destroyed_diamonds, layout_rooms,
          mainiacjoe_overflow_surrounded_room, st_stairs_13,
          nicolae_stop_n_shop_2, nicolae_grassy_gnolls

Skill      XL: |  1  2  3  4  5  6 |
---------------+-------------------+-----
Fighting       | 1 2 3 4 |  4.5
Spellcasting   | 4 |  4.9
Invocations    | 1 |  1.9
Dodging        | |  2.1
Stealth        | |  1.5

Action                     |  1- 3 |  4- 6 |  7- 9 || total
---------------------------+-------+-------+-------++-------
  Melee: Unarmed           |     1 |    11 |       ||    12
         Dagger            |       |     6 |       ||     6
   Cast: Magic Dart        |    64 |    21 |       ||    85
         Searing Ray       |     8 |    41 |     3 ||    52
  Evoke: Wand              |       |     6 |       ||     6
    Use: Scroll            |       |    12 |       ||    12
         Potion            |       |       |     1 ||     1
   Stab: Sleeping          |       |     1 |       ||     1
 Armour: Robe              |     2 |    11 |     2 ||    15
         Skin              |       |     4 |       ||     4
         Leather armour    |       |     2 |       ||     2
  Dodge: Dodged            |     8 |    36 |     3 ||    47
